cohdb
Replays
Latest Replays
All Replays
Popular Replays
Top Player Replays
Match Explorer
How It Works
Community
CoH3 Stats
Reddit
Sign in to upload your games and track your stats! →
Sign in with Steam
Match 43362168
Unlisted
Match 43362168
Overview
Messages
Build Orders
End
Construct Infanterie Kompanie
Kettenkrad Recon Vehicle
MG 42 Machine Gun Team
Grenadier Squad
GrW 34 Mortar Team
Grenadier Squad
Grenadier Squad
Construct Luftwaffe Kompanie
Construct Panzergrenadier Kompanie
Pak 40 Anti-tank Gun Team
Medical Bunker
Construct Panzer Kompanie
Stoßtruppen Squad
Panzer IV Medium Tank
Selects Terror Battlegroup
Selects Machine Gun Camouflage
Selects Contempt for the Weak
Selects Machine Gun Camouflage
Selects Defend the Fatherland
Panzer IV Medium Tank
Pioneer Squad
Panzer IV Medium Tank
Side Skirts
Selects King Tiger Heavy Tank
Repair Bunker
MG 42 Bunker
King Tiger Heavy Tank
Selects Propaganda Leaflet Drop
Selects V1 Rocket Strike
REDFORCE
GrayFox
♥ ~Lady Rytsu~ ♥
Monsieur Nathan
0
0
Comments
sign in to comment!
No comments posted yet!